 Dungeon Crawl Stone Soup version 0.17-a0-1399-gd5b76e1 (webtiles) character file.

41 bal the Insei (level 3, 0/19 HPs)
             Began as a Vine Stalker Monk on June 19, 2015.
             Slain by an adder (2 damage)
             ... on level 2 of the Dungeon.
             The game lasted 00:03:44 (763 turns).

bal the Insei (Vine Stalker Monk)                    Turns: 763, Time: 00:03:44

Health: 0/19       AC:  2    Str: 13    XL:     3   Next: 52%
Magic:  0/4        EV: 13    Int: 10    God:
Gold:   41         SH:  0    Dex: 17    Spells: 0 memorised, 2 levels left

rFire  . . .     SeeInvis .     d - +1 dagger (venom)
rCold  . . .     Clarity  .     a - +0 robe
rNeg   . . .     SustAt   .     (no shield)
rPois  .         Gourm    .     (no helmet)
rElec  .         Spirit   +     (no cloak)
rCorr  .         Warding  .     (no gloves)
rMut   .         Stasis   .     (no boots)
MR     .....                    (no amulet)
Stlth  ++........               (no ring)
                                (no ring)

@: lethally poisoned (0 -> -1), not resistant to hostile enchantments,
unstealthy
A: fangs 2, regeneration 1, magic shield, antimagic bite, no device heal 3, rot
immunity
a: no special abilities


You were on level 2 of the Dungeon.
You were not hungry.

You visited 1 branch of the dungeon, and saw 2 of its levels.

You collected 41 gold pieces.

Inventory:

Hand weapons
 d - a +1 dagger of venom (weapon)
Armour
 a - a +0 robe (worn)
Jewellery
 k - a cursed -3 ring of protection {unknown}
 m - an uncursed ring of see invisible {unknown}
Scrolls
 i - a scroll of remove curse {unknown}
 j - a scroll of identify {unknown}
Potions
 c - a potion of flight {unknown}
 e - 3 potions of curing {unknown}
 f - a potion of lignification {unknown}
 g - a potion of haste {unknown}
Comestibles
 b - 3 bread rations
 l - a meat ration


   Skills:
 + Level 2.9 Fighting
 + Level 0.5 Short Blades
 + Level 2.7 Dodging
 + Level 2.6 Stealth
 + Level 4.6 Unarmed Combat


You had 2 spell levels left.
You didn't know any spells.

Dungeon Overview and Level Annotations

Branches:
Dungeon (2/15)

Altars:
Nemelex Xobeh
Ru
The Shining One


Innate Abilities, Weirdness & Mutations

You have extremely sharp teeth.
Your natural rate of healing is unusually fast.
When hurt, damage is shared between your health and your magic reserves.
Your bite disrupts and absorbs the magic of your enemies.
Potions and wands cannot restore your health.
You are immune to rotting.


Message History

You miss the adder. You bite the adder, but do no damage. The adder bites you.
You are poisoned.
The adder poisons you!
You barely miss the adder. Your bite misses the adder.
You feel sick. The adder bites you.
You are more poisoned.
The adder poisons you!
You closely miss the adder. The adder bites you.
* * * LOW HITPOINT WARNING * * *
The adder bites you.
* * * LOW HITPOINT WARNING * * *
You miss the adder.
* * * LOW HITPOINT WARNING * * *
You feel sick. The adder closely misses you.
* * * LOW HITPOINT WARNING * * *
You feel sick.
All of the chunks of flesh in your inventory have rotted away.
* * * LOW HITPOINT WARNING * * *
You feel sick. The adder bites you.
You die...

#..⌠.⌠>.... ###.._......
#...⌠.⌠..#.. ##.###.##.# .
########..###....K.
####...........###....s
#..........K...........
#..........S...###....
#..........@....## ..
#..................
#..........................
####...#.......###.........
#####.........#.........
##.......##............
##..#.....# #......<....
#._##..(..# ##..........
#..##.....###.......8...


You could see an adder and a kobold.

Vanquished Creatures
  An adder (D:2)
  2 oozes
  A giant gecko (D:2)
  2 giant cockroaches
  2 hobgoblins (D:1)
  2 ball pythons
  4 bats (D:1)
  2 giant newts
  4 goblins
  A kobold (D:1)
  3 rats (D:1)
24 creatures vanquished.

Notes
Turn   | Place    | Note
--------------------------------------------------------------
     0 | D:1      | bal the Vine Stalker Monk began the quest for the Orb.
     0 | D:1      | Reached XP level 1. HP: 11/11 MP: 2/2
   293 | D:1      | Reached XP level 2. HP: 13/16 MP: 3/3
   639 | D:2      | Found a faded altar to an unknown god.
   645 | D:2      | Reached XP level 3. HP: 19/19 MP: 4/4
   651 | D:2      | Found a sacrificial altar of Ru.
   715 | D:2      | Found a glowing golden altar of the Shining One.
   737 | D:2      | Found a sparkling altar of Nemelex Xobeh.
   763 | D:2      | Slain by an adder

Vault maps used:
D:1:      lemuel_arrival_cross
D:2:      nemelex_xobeh_ov_fountains_minmay, nicolae_gozag_seed_capital,
          nicolae_ru_sacrificial_ziggurat, overflow_temple_1_default,
          ecumenical_altar_2, first_bread

Action                   || total
-------------------------++-------
Melee: Dagger            ||    47
       Unarmed           ||     3
 Stab: Sleeping          ||     7
